 Dungeon Crawl Stone Soup version 0.30-a0-728-gc68057be0a (webtiles) character file.

Game seed: 11530332860699836026

65 drewk1942 the Conjurer (level 4, -3/34 HPs)
             Began as a Gnoll Wanderer on Jan 30, 2023.
             Slain by Grinder (6 damage)
             ... on level 3 of the Dungeon.
             The game lasted 00:02:51 (1128 turns).

drewk1942 the Conjurer (Gnoll Wanderer)             Turns: 1128, Time: 00:02:52

Health: -3/34      AC:  9    Str: 11    XL:     4   Next: 13%
Magic:  8/8        EV:  8    Int: 13    God:
Gold:   63         SH:  3    Dex: 12    Spells: 8/9 levels left

rFire   . . .      SeeInvis .    s - +2 dagger (elec)
rCold   . . .      Faith    .    q - +0 buckler
rNeg    . . .      Spirit   .    b - +0 scale mail
rPois   .          Reflect  .    m - +1 helmet
rElec   .          Harm     .    (no cloak)
rCorr   .          Rampage  .    (no gloves)
Will    .....                    (no boots)
Stlth   +                        (no amulet)
HPRegen 0.25/turn                (no ring)
MPRegen 0.11/turn                (no ring)

@: no status effects
A: fangs 1, strong nose, distributed training
a: no special abilities


You were on level 3 of the Dungeon.
You visited 1 branch of the dungeon, and saw 3 of its levels.

You collected 63 gold pieces.

Inventory:

Hand Weapons
 a - a +0 hand axe
 i - a +4 sling
 s - a +2 dagger of electrocution (weapon)
 w - a +0 broad axe
Armour
 b - a +0 scale mail (worn)
 m - a +1 helmet (worn)
 q - a +0 buckler (worn)
Magical Staves
 t - a staff of earth
Jewellery
 d - a ring of ice
Scrolls
 c - a scroll of fear
 f - a scroll of vulnerability {unknown}
 j - 2 scrolls of identify {unknown}
 n - a scroll of noise {unknown}
 o - 2 scrolls of enchant weapon {unknown}
 p - a scroll of enchant armour {unknown}
 u - a scroll of blinking {unknown}
Potions
 e - a potion of attraction {unknown}
 g - a potion of might {unknown}
 h - 2 potions of curing {unknown}
 k - a potion of mutation {unknown}
 l - 2 potions of brilliance {unknown}
 r - a potion of degeneration {unknown}
 v - a potion of heal wounds {unknown}


   Skills:
 + Level 2.7 Fighting
 + Level 1.1 Short Blades
 + Level 1.1 Long Blades
 + Level 2.7 Axes
 + Level 1.1 Maces & Flails
 + Level 1.1 Polearms
 + Level 1.1 Staves
 + Level 1.1 Ranged Weapons
 + Level 2.7 Throwing
 + Level 4.6 Armour
 + Level 1.1 Dodging
 + Level 2.5 Stealth
 + Level 1.1 Shields
 + Level 1.1 Unarmed Combat
 + Level 3.0 Spellcasting
 + Level 5.4 Conjurations
 + Level 0.8 Hexes
 + Level 0.8 Summonings
 + Level 0.8 Necromancy
 + Level 0.8 Translocations
 + Level 0.8 Transmutations
 + Level 0.8 Fire Magic
 + Level 0.8 Ice Magic
 + Level 0.8 Air Magic
 + Level 0.8 Earth Magic
 + Level 0.8 Poison Magic
 + Level 1.2 Invocations
 + Level 1.1 Evocations


You had 8 spell levels left.
You knew the following spells:

 Your Spells              Type           Power      Damage    Failure   Level
a - Kiss of Death         Conj/Necr      40%        2d8       41%         1

Your spell library contained the following spells:

 Spells                   Type           Power      Damage    Failure   Level
 Searing Ray              Conj           32%        2d5       26%         2
 Static Discharge         Conj/Air       20%        2-3/arc   54%         2


Dungeon Overview and Level Annotations

Branches:
Dungeon (2/15)

Altars:

Annotations:
D:3 Grinder


Innate Abilities, Weirdness & Mutations

You have very sharp teeth.
Your uncanny sense of smell can sniff out nearby items.
Your experience applies equally to all skills.


Message History

You shoot a sling bullet. The sling bullet hits the adder.
The adder is almost dead.
The adder closely misses you.
You shoot a sling bullet.
The sling bullet barely misses the adder.
The adder bites you. The adder barely misses you.
You shoot a sling bullet. The sling bullet hits the adder.
The adder is almost dead.
The adder barely misses you. x2
You shoot a sling bullet. The sling bullet hits the adder.
You kill the adder!
Your Spellcasting skill increases to level 3!
You have reached level 4!
You feel agile.
No target in view!
You see here a +0 broad axe.
w - a +0 broad axe
There is a large open door here.
There is a large open door here.
Found a stone staircase leading down.
You now have 63 gold pieces (gained 15).
Grinder comes into view.
She is carrying a wand of quicksilver (5).
Grinder zaps a wand.
The bolt of dispelling energy hits you.
Grinder is nearby!
You shoot a sling bullet. The sling bullet hits Grinder.
Grinder is lightly wounded.
You shoot a sling bullet. The sling bullet barely misses Grinder.
You shoot a sling bullet.
The sling bullet closely misses Grinder.
Grinder zaps a wand.
The bolt of dispelling energy hits you!
Grinder zaps a wand.
The bolt of dispelling energy hits you.
You are too injured to fight recklessly!
You hear the crackle of electricity.
s - a +2 dagger of electrocution (weapon)
Grinder zaps a wand.
The bolt of dispelling energy hits you!
* * * LOW HITPOINT WARNING * * *
You hit Grinder but do no damage. You bite Grinder, but do no damage.
Grinder is lightly wounded.
Grinder hits you.
You die...

########## #........#
#........# #...<....# ##
#........###>.#
#.............#
#.......@5..#.
####'#......#
####'#####......
#...................#####
#...................#...#
#...................#...#
#...................#...#
#...................#...#
#...................#...#


You could see Grinder.

Vanquished Creatures
  2 adders (D:3)
  An orc (D:3)
  A ball python (D:1)
  3 endoplasms
  2 giant cockroaches
  4 goblins
  4 hobgoblins
  4 jackals (D:3)
  A kobold (D:1)
  5 quokkas
  4 bats (D:1)
  4 frilled lizards
  4 rats
39 creatures vanquished.

Notes
Turn   | Place    | Note
-------+----------+-------------------------------------------
     0 | D:1      | drewk1942 the Gnoll Wanderer began the quest for the Orb.
     0 | D:1      | drewk1942 set off with the following items: a +0 hand axe,
                  | a +0 scale mail, a scroll of fear; and the following spell
                  | memorised: Kiss of Death; and the following spells
                  | available to memorise: Searing Ray, Static Discharge.
     0 | D:1      | Reached XP level 1. HP: 17/17 MP: 4/4
   150 | D:1      | Reached XP level 2. HP: 23/23 MP: 5/5
   726 | D:1      | Reached XP level 3. HP: 28/28 MP: 7/7
   931 | D:2      | Reached skill level 1 in Invocations
   961 | D:2      | You fall into a shaft and drop 1 floor!
  1018 | D:3      | Reached skill level 1 in Short Blades
  1018 | D:3      | Reached skill level 1 in Long Blades
  1018 | D:3      | Reached skill level 1 in Maces & Flails
  1018 | D:3      | Reached skill level 1 in Polearms
  1018 | D:3      | Reached skill level 1 in Staves
  1018 | D:3      | Reached skill level 1 in Ranged Weapons
  1018 | D:3      | Reached skill level 1 in Dodging
  1018 | D:3      | Reached skill level 1 in Shields
  1018 | D:3      | Reached skill level 1 in Unarmed Combat
  1018 | D:3      | Reached skill level 1 in Evocations
  1109 | D:3      | Reached XP level 4. HP: 34/34 MP: 8/8
  1121 | D:3      | Noticed Grinder
  1128 | D:3      | Slain by Grinder

Illustrated notes

Levels and vault maps discovered:
D:1:      wheals_arrival_shading, layout_loops_ring
D:2:      layout_loops_corners, serial_rivers, chequers_serial_rivers_micro_b,
          chequers_serial_rivers_room_a, chequers_serial_rivers_small_a,
          chequers_serial_rivers_small_b, chequers_serial_rivers_room_b,
          chequers_serial_rivers_large_b, minmay_pentomino_s4
D:3:      layout_basic, dilly_ecumenical_altar_fadedgnrine, uniq_grinder

Skill      XL: |  1  2  3 |
---------------+----------+-----
Invocations    | 1 |  1.2
Short Blades   | 1 |  1.1
Long Blades    | 1 |  1.1
Maces & Flails | 1 |  1.1
Polearms       | 1 |  1.1
Staves         | 1 |  1.1
Ranged Weapons | 1 |  1.1
Dodging        | 1 |  1.1
Shields        | 1 |  1.1
Unarmed Combat | 1 |  1.1
Evocations     | 1 |  1.1
Spellcasting   | 3 |  3.0
Fighting       | |  2.7
Axes           | |  2.7
Throwing       | |  2.7
Armour         | |  4.6
Stealth        | |  2.5
Conjurations   | |  5.4
Hexes          | |  0.8
Summonings     | |  0.8
Necromancy     | |  0.8
Translocations | |  0.8
Transmutations | |  0.8
Fire Magic     | |  0.8
Ice Magic      | |  0.8
Air Magic      | |  0.8
Earth Magic    | |  0.8
Poison Magic   | |  0.8

Action                     |  1- 3 |  4- 6 || total
---------------------------+-------+-------++-------
  Melee: Hand axe          |    29 |       ||    29
         Bite              |     3 |     1 ||     4
         Punch             |     1 |       ||     1
         Dagger            |       |     1 ||     1
   Fire: Sling             |   110 |     3 ||   113
 Armour: Scale mail        |    76 |       ||    76
  Dodge: Dodged            |    58 |       ||    58
  Block: Buckler           |     2 |       ||     2

Table legend: (Time is in decaauts)
 A = Elapsed time spent in this place.
 B = Non-inter-level travel time spent in this place.
 C = Inter-level travel time spent in this place.
 D = Time resting spent in this place.
 E = Time spent auto-exploring this place.
 F = Levels seen in this place.
 G = Mean time per level.
                   A        B        C        D        E       F      G
               +--------+--------+--------+--------+--------+-----+--------+
         Total |   1205 |   1194 |     11 |      0 |    827 |   3 |  401.7 |
       Dungeon |   1205 |   1194 |     11 |      0 |    827 |   3 |  401.7 |
               +--------+--------+--------+--------+--------+-----+--------+

Top non-repeatable levels by time:
     D:1: 829 daAuts
     D:2: 191 daAuts
     D:3: 184 daAuts
